 Dungeon Crawl Stone Soup version 0.31-a0-145-g046c7d2549 (webtiles) character file.

Game seed: 15033203239687660360

861 qw the Skirmisher (level 7, 0/61 HPs)
             Began as a Minotaur Hunter on June 7, 2023.
             Succumbed to a scorpion's poison
             ... on level 5 of the Dungeon.
             The game lasted 00:01:31 (4007 turns).

qw the Skirmisher (Minotaur Hunter)                 Turns: 4007, Time: 00:01:32

Health: 0/61       AC:  5    Str: 15    XL:     7   Next: 71%
Magic:  1/6        EV: 12    Int:  6    God:
Gold:   307        SH:  0    Dex: 16    Spells: 6/6 levels left

rFire   . . .        Y - +1 shortbow
rCold   . . .        (shield currently unavailable)
rNeg    . . .        f - +0 ring mail
rPois   +            (helmet restricted)
rElec   .            (no cloak)
rCorr   .            (no gloves)
SInv    .            (no boots)
Will    .....        b - amulet of guardian spirit
Stlth   +            e - ring of poison resistance
HPRegen 0.30/turn    (no ring)
MPRegen 0.10/turn

%: guardian spirit
@: lethally poisoned (0 -> -8)
A: horns 2, retaliatory headbutt
a: no special abilities


You were on level 5 of the Dungeon.
You visited 1 branch of the dungeon, and saw 5 of its levels.

You collected 307 gold pieces.


Innate Abilities, Weirdness & Mutations

You have a pair of horns on your head.
You reflexively headbutt those who attack you in melee.


   Skills:
 + Level 5.5 Fighting
 - Level 9.0 Ranged Weapons
 - Level 2.2 Armour
 - Level 3.1 Dodging
 - Level 0.7 Stealth


You had 6 spell levels left.
You didn't know any spells.
Your spell library was empty.

Inventory:

Hand Weapons
 Y - a +1 shortbow (weapon)
Armour
 f - a +0 ring mail (worn)
 i - a scarf of resistance
Jewellery
 b - an amulet of guardian spirit (around neck)
 e - a ring of poison resistance (left hand)
Scrolls
 a - 2 scrolls of identify
 m - a scroll of amnesia {unknown}
Potions
 c - a potion of cancellation
 d - a potion of enlightenment {unknown}
 g - a potion of invisibility {unknown}
 h - a potion of mutation {unknown}
 k - a potion of might {unknown}
 l - a potion of lignification {unknown}
 n - 2 potions of degeneration {unknown}

Dungeon Overview and Level Annotations

Branches:
Dungeon (5/15)
 Temple: D:4-7

Altars:
Uskayaw
The Shining One

Annotations:
D:3 3 runed translucent doors, qw's ghost, amateur GrFi


Message History

You shoot an arrow. The arrow hits the iguana!
The iguana is heavily wounded.
The shadow imp barely misses you. You furiously retaliate!
You headbutt the shadow imp. The iguana misses you.
The scorpion stings you but does no damage.
The iguana barely misses you. The shadow imp closely misses you.
You shoot an arrow. The arrow barely misses the iguana.
The scorpion stings you.
The shadow imp hits you but does no damage.
The iguana completely misses you.
You shoot an arrow.
The arrow hits the iguana but does no damage.
The iguana is heavily wounded.
The scorpion completely misses you. The scorpion stings you.
The shadow imp hits you but does no damage.
The iguana bites you.
You shoot an arrow.
The arrow hits the iguana but does no damage.
The iguana is heavily wounded.
The scorpion barely misses you. The shadow imp hits you.
The iguana hisses menacingly.
The iguana barely misses you.
You shoot an arrow. The arrow hits the iguana.
The iguana is severely wounded.
The scorpion closely misses you. The shadow imp misses you.
The iguana bites you!
You shoot an arrow. The arrow hits the iguana.
The iguana is severely wounded.
The scorpion stings you but does no damage.
The shadow imp hits you but does no damage.
The iguana closely misses you. You furiously retaliate!
You headbutt the iguana!
You kill the iguana!
You shoot an arrow. The arrow hits the shadow imp.
The shadow imp is heavily wounded.
The scorpion stings you.
You are lethally poisoned!
The scorpion poisons you! The shadow imp hits you. The scorpion misses you.
You shoot an arrow.
The arrow closely misses the shadow imp.
You die...

.............#
.............#
..
.............#
...
.....>......#
...
#..........#
... #..
#..........#
.#. #..
#...s5)>...#
... #.. ##@.#
.#
#..#####..##
###
#..#.....##
<.# #..#.#####
#.# #..#.#
#.## #....#
#..# #...##
.#.# #...#
.#.### #.#.##


You could see a scorpion and a shadow imp.

Vanquished Creatures
  Grinder (D:4)
  Sigmund (D:2)
  2 orc priests
  3 iguanas
  A sleepcap (D:5)
  Natasha (thrice) (D:2)
  5 orc wizards
  4 gnolls (D:4)
  3 adders
  12 orcs
  8 ball pythons
  10 endoplasms
  6 giant cockroaches
  7 goblins
  4 hobgoblins
  4 kobolds
  4 quokkas
  4 bats
  A frilled lizard (D:1)
  3 rats
86 creatures vanquished.

Notes
Turn   | Place    | Note
-------+----------+-------------------------------------------
     0 | D:1      | qw the Minotaur Hunter began the quest for the Orb.
     0 | D:1      | Reached XP level 1. HP: 18/18 MP: 0/0
     0 | D:1      | 0 ||| qw: Version: 0.2-a-117-gc6b5c8b
     0 | D:1      | 0 ||| qw: Game counter: 2420
     0 | D:1      | 0 ||| qw: Always use a shield: true
     0 | D:1      | 0 ||| qw: God list: Okawaru
     0 | D:1      | 0 ||| qw: Allow faded altars: false
     0 | D:1      | 0 ||| qw: Do Orc after D:15 true
     0 | D:1      | 0 ||| qw: Do second Lair branch before Depths: true
     0 | D:1      | 0 ||| qw: Lair rune preference: random
     0 | D:1      | 0 ||| qw: Plans: Normal
     0 | D:1      | 0 ||| PLANNING D:1-11
   140 | D:1      | Reached XP level 2. HP: 22/25 MP: 1/1
   188 | D:1      | You fall into a shaft and drop 1 floor!
   213 | D:2      | Reached skill level 5 in Ranged Weapons
   238 | D:2      | 238 ||| UPGRADING to +0 ring mail.
   248 | D:2      | 248 ||| DROPPING +0 leather armour.
   249 | D:2      | 249 ||| READING 2 scrolls labelled NIEKLY DUCUOP.
   250 | D:2      | 250 ||| READING scroll labelled CITU DERUIJ.
   251 | D:2      | 251 ||| READING scroll labelled KYHAOPH VIMNUI.
   252 | D:2      | 252 ||| READING scroll labelled SEOCKEN ICLAAJ.
   253 | D:2      | 253 ||| DROPPING scroll of butterflies.
   260 | D:2      | 260 ||| STAIRDANCE
   377 | D:1      | Reached skill level 1 in Armour
   614 | D:1      | Reached skill level 3 in Fighting
   621 | D:1      | 621 ||| READING scroll labelled XECHIJUDEG.
   622 | D:1      | 622 ||| READING 2 scrolls of identify.
   622 | D:1      | 622 ||| IDENTIFYING fuming dark potion
   623 | D:1      | 623 ||| DROPPING potion of magic.
   625 | D:1      | 625 ||| Stepping ~*~*~tactically~*~*~ (cloud).
   634 | D:1      | HP: 6/26 [poisoned by you (poison gas)]
   799 | D:2      | Reached XP level 3. HP: 31/31 MP: 2/2
   888 | D:2      | Noticed Sigmund
   897 | D:2      | Killed Sigmund
   898 | D:2      | Reached skill level 7 in Ranged Weapons
   898 | D:2      | Reached XP level 4. HP: 24/38 MP: 3/3
   898 | D:2      | Reached XP level 5. HP: 28/45 MP: 4/4
  1000 | D:2      | Noticed Natasha
  1007 | D:2      | Killed Natasha
  1127 | D:2      | Found a hide-covered altar of Uskayaw.
  1235 | D:2      | Noticed Natasha
  1245 | D:2      | Killed Natasha
  1319 | D:2      | Noticed Natasha
  1325 | D:2      | Killed Natasha
  1326 | D:2      | Reached XP level 6. HP: 52/52 MP: 5/5
  1336 | D:2      | 1336 ||| DROPPING ring of wizardry.
  1337 | D:2      | 1337 ||| READING scroll labelled INOJI VEMAOCE.
  1341 | D:2      | 1341 ||| DRINKING 2 glowing white potions.
  1470 | D:3      | Found a runed translucent gate.
  1470 | D:3      | Found a runed translucent gate.
  1470 | D:3      | Found a runed translucent gate.
  1955 | D:3      | 1955 ||| FLEEEEING.
  1956 | D:3      | 1956 ||| FLEEEEING.
  1957 | D:3      | 1957 ||| FLEEEEING.
  1958 | D:3      | 1958 ||| FLEEEEING.
  1959 | D:3      | 1959 ||| FLEEEEING.
  1960 | D:3      | 1960 ||| FLEEEEING.
  1965 | D:3      | 1965 ||| DRINKING 3 potions of curing.
  1965 | D:3      | 1965 ||| (to cure confusion)
  1966 | D:3      | 1966 ||| FLEEEEING.
  1967 | D:3      | 1967 ||| FLEEEEING.
  1968 | D:3      | 1968 ||| FLEEEEING.
  1969 | D:3      | 1969 ||| FLEEEEING.
  1970 | D:3      | 1970 ||| FLEEEEING.
  1979 | D:3      | 1979 ||| FLEEEEING.
  1980 | D:3      | 1980 ||| FLEEEEING.
  1983 | D:3      | 1983 ||| FLEEEEING.
  1984 | D:3      | 1984 ||| DRINKING 2 potions of curing.
  1984 | D:3      | 1984 ||| (to cure confusion)
  1992 | D:3      | 1992 ||| DRINKING potion of curing.
  1992 | D:3      | 1992 ||| (to cure confusion)
  2097 | D:3      | Noticed qw's ghost (amateur GrFi)
  2241 | D:3      | 2241 ||| UPGRADING to amulet of guardian spirit.
  2246 | D:3      | 2246 ||| UPGRADING to ring of poison resistance.
  2247 | D:3      | 2247 ||| READING 2 scrolls labelled ALLOAJ JYINGO.
  2248 | D:3      | 2248 ||| READING scroll labelled DOMAID FIAQALU.
  2249 | D:3      | 2249 ||| DRINKING 2 pink potions.
  2250 | D:3      | 2250 ||| READING 2 scrolls of identify.
  2250 | D:3      | 2250 ||| IDENTIFYING lumpy purple potion
  2251 | D:3      | 2251 ||| DROPPING potion of brilliance.
  2252 | D:3      | 2252 ||| DROPPING scroll of fog.
  2279 | D:4      | 2279 ||| Stepping ~*~*~tactically~*~*~ (outnumbered).
  2284 | D:4      | Reached skill level 8 in Ranged Weapons
  2750 | D:4      | HP: 10/56 [gnoll/+0 flail (5)]
  2751 | D:4      | 2751 ||| READING scroll of teleportation.
  2946 | D:4      | Reached skill level 3 in Dodging
  2946 | D:4      | Reached XP level 7. HP: 48/61 MP: 4/6
  3217 | D:4      | Noticed Grinder
  3233 | D:4      | Paralysed by Grinder for 5 turns
  3239 | D:4      | Killed Grinder
  3449 | D:4      | Found a glowing golden altar of the Shining One.
  3729 | D:5      | Entered Level 5 of the Dungeon
  3807 | D:5      | Reached skill level 9 in Ranged Weapons
  3894 | D:5      | 3894 ||| DRINKING potion of curing.
  3894 | D:5      | 3894 ||| (to cure confusion)
  3982 | D:5      | 3982 ||| Stepping ~*~*~tactically~*~*~ (outnumbered).
  4004 | D:5      | HP: 8/61 [iguana (11)]
  4006 | D:5      | HP: 3/61 [shadow imp (2)]
  4007 | D:5      | Succumbed to a scorpion's poison

Levels and vault maps discovered:
D:1:      psy_arrival_whirlpool, layout_basic
D:2:      layout_basic, basic_altar, uniq_sigmund, uniq_natasha
D:3:      layout_basic, gammafunk_ghost_icy
D:4:      layout_basic, kennysheep_mini_moat, serial_glass, glass_columns_a,
          glass_columns_a, uniq_grinder
D:5:      layout_rooms

Skill      XL: |  1  2  3  4  5  6  7 |
---------------+----------------------+-----
Ranged Weapons | 5 7 8 9 |  9.0
Armour         | 1 2 |  2.2
Fighting       | 3 4 5 |  5.5
Dodging        | 3 |  3.1
Stealth        | |  0.7

Action                     |  1- 3 |  4- 6 |  7- 9 || total
---------------------------+-------+-------+-------++-------
   Fire: Shortbow          |    74 |   185 |    72 ||   331
    Use: Scroll            |     6 |     5 |       ||    11
         Potion            |       |     5 |     1 ||     6
 Armour: Ring mail         |     5 |    23 |    20 ||    48
  Dodge: Dodged            |    14 |    40 |    48 ||   102

Table legend:
 A = Non-vault XP
 B = Vault XP
 C = Vault XP percentage of total XP
 D = Non-vault monster count
 E = Vault monster count
 F = Vault count percentage of total count
                 A         B        C        D         E       F
            +---------+---------+-------+---------+---------+-------
      Total |     698 |     533 |  43.3 |      83 |       3 |   3.5
            +---------+---------+-------+---------+---------+-------
        D:1 |      30 |       0 |   0.0 |      17 |       0 |   0.0
        D:2 |     105 |     266 |  71.7 |      17 |       2 |  10.5
        D:3 |     119 |       0 |   0.0 |      21 |       0 |   0.0
        D:4 |     248 |     267 |  51.8 |      20 |       1 |   4.8
        D:5 |     196 |       0 |   0.0 |       8 |       0 |   0.0
            +---------+---------+-------+---------+---------+-------
